 Dungeon Crawl Stone Soup version 0.15-a0-1950-gbc841a2 (webtiles) character file.

111 plsno the Poker (level 4, -1/33 HPs)
             Began as a Merfolk Gladiator on July 9, 2014.
             Was an Initiate of Makhleb.
             Slain by an ice beast (9 damage)
             ... on Level 3 of the Dungeon.
             The game lasted 00:05:51 (2394 turns).

plsno the Poker (Merfolk Gladiator)                 Turns: 2394, Time: 00:05:51

HP  -1/33        AC  4     Str 15      XL: 4   Next: 92%
MP   4/4         EV 13     Int  8      God: Makhleb [......]
Gold 110         SH  0     Dex 14      Spells:  0 memorised,  3 levels left

rFire  . . .     SeeInvis .     a - +0 trident
rCold  . . .     Clarity  .     b - +0 leather armour
rNeg   . . .     rCorr    .     (no shield)
rPois  .         rRot     .     c - +0 helmet
rElec  .         Spirit   .     (no cloak)
SustAb .         Warding  .     (no gloves)
rMut   +         Stasis   .     (no boots)
Gourm  .                        m - amulet of resist mutation
MR     .....                    (no ring)
                                (no ring)

@: not resistant to hostile enchantments, very unstealthy
A: change form in water, swift swim
a: Renounce Religion


You were on level 3 of the Dungeon.
You worshipped Makhleb.
Makhleb was noncommittal.
You were not hungry.

You visited 1 branch of the dungeon, and saw 3 of its levels.

You collected 110 gold pieces.

Inventory:

Hand weapons
 a - a +0 trident (weapon)
Missiles
 d - 3 throwing nets (quivered)
 o - 19 poisoned needles
Armour
 b - a +0 leather armour (worn)
 c - a +0 helmet (worn)
Magical devices
 p - a wand of flame (0)
Comestibles
 f - 3 bread rations
 n - a beef jerky
 s - a chunk of goblin flesh
Scrolls
 h - 3 scrolls of remove curse
 l - 2 scrolls of teleportation
 q - 2 scrolls of immolation {unknown}
 r - a scroll of random uselessness {unknown}
Jewellery
 m - an amulet of resist mutation (around neck)
Potions
 e - a potion of might
 g - 4 potions of curing
 i - a potion of magic
 j - 3 potions of confusion {unknown}
 k - 2 potions of heal wounds {unknown}


   Skills:
 - Level 2.1 Fighting
 * Level 7.0 Polearms
 - Level 2.0 Throwing
 + Level 5.2 Dodging


You had 3 spell levels left.
You didn't know any spells.

Dungeon Overview and Level Annotations

Branches:
Dungeon (3/15)

Altars:
Gozag
Makhleb
Trog
Vehumet


Message History

The ice beast is almost dead.
The ice beast hits you. The ice beast freezes you!
* * * LOW HITPOINT WARNING * * *
You are too injured to fight recklessly!
You are too injured to fight recklessly!
You hit the ice beast.
The ice beast is almost dead.
The ice beast misses you.
You barely miss the ice beast.
The ice beast is almost dead.
The ice beast hits you but does no damage.
You hit the ice beast but do no damage.
The ice beast is almost dead.
The ice beast barely misses you.
You hit the ice beast.
The ice beast is almost dead.
The ice beast hits you.
* * * LOW HITPOINT WARNING * * *
The ice beast freezes you!
You die...

...#.# ... ####)# ......#
####.######.(.....#
..........+.......#
####.######.......# #.#
#.......# #.# #.......# #
####=######.....Y.#.#####
..............#.@........
#.##.##.......#..#...####
# #.##.)..<..#......#
#.##............#(#
#.##......##.#### #
#.#####......# ..#
######## ..# .


You could see an ice beast.

Vanquished Creatures
  Jessica (D:2)
  2 adders (D:2)
  A worm (D:2)
  2 giant geckos (D:2)
  An ooze (D:1)
  An orc (D:3)
  2 ball pythons (D:1)
  4 bats
  10 goblins
  12 hobgoblins
  3 jackals (D:2)
  8 kobolds
  4 giant cockroaches
  3 giant newts (D:1)
  A kobold skeleton (D:3)
  8 rats
63 creatures vanquished.

Notes
Turn   | Place    | Note
--------------------------------------------------------------
     0 | D:1      | plsno, the Merfolk Gladiator, began the quest for the Orb.
     0 | D:1      | Reached XP level 1. HP: 16/16 MP: 1/1
   452 | D:1      | Reached XP level 2. HP: 15/22 MP: 2/2
   681 | D:1      | Reached skill level 5 in Polearms
  1041 | D:1      | Reached XP level 3. HP: 24/27 MP: 3/3
  1468 | D:2      | Noticed Jessica
  1470 | D:2      | Killed Jessica
  1470 | D:2      | Reached skill level 5 in Dodging
  1475 | D:2      | Reached skill level 6 in Polearms
  1514 | D:2      | Reached XP level 4. HP: 29/33 MP: 4/4
  1566 | D:2      | Found an opulent altar of Gozag.
  1569 | D:2      | Found a burning altar of Makhleb.
  1569 | D:2      | Found a radiant altar of Vehumet.
  1569 | D:2      | Found a bloodstained altar of Trog.
  1576 | D:2      | Became a worshipper of Makhleb the Destroyer
  2358 | D:3      | Reached skill level 7 in Polearms
  2376 | D:3      | Noticed an ice beast
  2394 | D:3      | Slain by an ice beast

Action                   |  1- 3 |  4- 6 || total
-------------------------+-------+-------++-------
Melee: Trident           |   122 |    88 ||   210
Evoke: Wand              |     1 |     5 ||     6
  Use: Scroll            |       |     6 ||     6
 Stab: Sleeping          |     1 |     1 ||     2
  Eat: Chunk             |     2 |     3 ||     5
